 Dungeon Crawl Stone Soup version 0.29-a0-561-ga02bf68b3c (webtiles) character file.

Game seed: 10580249037951904041

332 KristoblXynda the Carver (level 6, -3/90 HPs)
             Began as a Draconian Gladiator on June 11, 2022.
             Slain by a gnoll
             ... wielding a +0 halberd
              (7 damage)
             ... on level 3 of the Dungeon.
             The game lasted 00:02:55 (2503 turns).

KristoblXynda the Carver (Draconian Gladiator)      Turns: 2503, Time: 00:02:55

Health: -3/90      AC: 23    Str: 23    XL:     6   Next: 26%
Magic:  6/6        EV:  2    Int: 10    God:
Gold:   87         SH:  0    Dex: 12    Spells: 5/5 levels left

rFire   . . .      SeeInvis .   a - +0 long sword (venom)
rCold   . . .      Faith    .   (no shield)
rNeg    . . .      Spirit   .   (body armour unavailable)
rPois   +          Reflect  .   (helmet currently unavailable)
rElec   .          Harm     .   (cloak currently unavailable)
rCorr   .          Rampage  .   (gloves currently unavailable)
Will    .....      NoTele   +   (boots currently unavailable)
Stlth   +.........              (no amulet)
HPRegen 0.25/turn               i - +6 ring of strength
MPRegen 0.10/turn               (no ring)

@: confused, tree-form (expiring)
A: stationary, stasis, torment immunity, boosted hp, AC +6, unfitting armour,
(cold-blooded)
a: no special abilities


You were on level 3 of the Dungeon.
You were a tree.
You visited 1 branch of the dungeon, and saw 3 of its levels.

You collected 87 gold pieces.

Inventory:

Hand Weapons
 a - a +0 long sword of venom (weapon)
Missiles
 c - 3 throwing nets (quivered)
 d - a javelin
Armour
 b - a +0 hat (melded)
Jewellery
 i - a +6 ring of strength (left branch)
Scrolls
 g - a scroll of immolation
 m - a scroll of silence
Potions
 f - a potion of invisibility {unknown}


   Skills:
 + Level 7.4 Fighting
 * Level 9.7 Long Blades
 - Level 2.0 Throwing
 + Level 6.6 Dodging


You had 5 spell levels left.
You didn't know any spells.
Your spell library contained the following spells:

 Spells                   Type           Power      Damage    Failure   Level
 Necrotize                Necr           0%         1d4       36%         1
 Vampiric Draining        Necr           0%         2d6       75%         3
 Agony                    Necr           0%         N/A       100%        5


Dungeon Overview and Level Annotations

Branches:
Dungeon (3/15)

Altars:

Shops:
D:3 =


Innate Abilities, Weirdness & Mutations

You are a tree.
Your roots penetrate the ground, keeping you stationary.
You cannot be teleported.
You are immune to unholy pain and torment.
Your maximum health is greatly increased.
Your equipment is partially melded.
((Your plain brown scales are hard. (AC +6)))
You cannot fit into any form of body armour.
((You are cold-blooded and may be slowed by cold attacks.))


Message History

* * * LOW HITPOINT WARNING * * *
Something hits you but does no damage. The gnoll hits you but does no damage.
Something hits you.
* * * LOW HITPOINT WARNING * * *
The gnoll hits you from afar with a +0 halberd.
* * * LOW HITPOINT WARNING * * *
Something hits you but does no damage.
It was a potion of experience.
You feel more experienced!
Your Fighting skill gained 4 levels and is now at level 7!
Your Long Blades skill gained 5 levels and is now at level 9!
Your Dodging skill gained 3 levels and is now at level 6!
You have reached level 6!
Your scales feel tougher.
The gnoll hits you but does no damage. Something hits you but does no damage.
You cannot move.
The gnoll hits you from afar with a +0 halberd.
* * * LOW HITPOINT WARNING * * *
Something hits you but does no damage.
You hear the slow rusting of a distant drain.
The gnoll hits you but does no damage. Something hits you but does no damage.
Your transformation is almost over.
The gnoll barely misses you. Something hits you but does no damage.
The gnoll hits you but does no damage. Something hits you but does no damage.
The gnoll hits you but does no damage. Something hits you but does no damage.
The gnoll barely misses you. Something hits you but does no damage.
The gnoll barely misses you. Something hits you but does no damage.
The gnoll hits you from afar with a +0 halberd!
* * * LOW HITPOINT WARNING * * *
You hear some strange, mumbled words.
A puff of flame appears from out of thin air!
The puff of flame hits you.
* * * LOW HITPOINT WARNING * * *
The gnoll hits you but does no damage.
You hear some strange, mumbled words.
You are confused.
The gnoll hits you but does no damage. Something hits you but does no damage.
You cannot move. (Use ctrl+direction or * direction to attack while stationary and confused.)
The gnoll hits you from afar with a +0 halberd!
You die...

#.##..............##
#g##.{............#
#g##.......#####...#
#o.'.......+ ...+
#g##.......# ...#
#g##.......# #)##########
#g############
###ogg{♣)......#
#######...####8.8.8#+#######
<...[.'...'....⌠.⌠.........#
#######...#...8.∩.8........#
#...#.#..⌠.⌠.........#
#...#.#.8.8.8........###
#...#.#.###..#+#####....
#####.#..........# #.###
####.######.....# #.#


You could see 3 gnolls and an orc.

Vanquished Creatures
  Terence (D:2)
  Natasha (thrice) (D:2)
  An adder (D:2)
  A dart slug (D:1)
  An orc (D:3)
  8 endoplasms
  4 giant cockroaches
  6 goblins
  3 hobgoblins
  4 jackals (D:2)
  2 kobolds (D:2)
  2 quokkas
  8 ball pythons
  5 bats
  5 frilled lizards
  2 rats (D:2)
56 creatures vanquished.

Vanquished Creatures (others)
  4 plants (D:3)
4 creatures vanquished.

Grand Total: 60 creatures vanquished

Notes
Turn   | Place    | Note
-------+----------+-------------------------------------------
     0 | D:1      | KristoblXynda the Draconian Gladiator began the quest for
                  | the Orb.
     0 | D:1      | Reached XP level 1. HP: 17/17 MP: 1/1
   250 | D:1      | Reached XP level 2. HP: 16/24 MP: 2/2
   836 | D:1      | Found a faded altar of an unknown god.
   891 | D:1      | Reached XP level 3. HP: 30/30 MP: 3/3
  1349 | D:2      | Noticed Natasha
  1353 | D:2      | Killed Natasha
  1601 | D:2      | Reached XP level 4. HP: 37/37 MP: 4/4
  1721 | D:2      | Reached skill level 4 in Long Blades
  1862 | D:2      | Noticed Natasha
  1866 | D:2      | Killed Natasha
  1901 | D:2      | Noticed Natasha
  1907 | D:2      | Killed Natasha
  1928 | D:2      | Noticed Terence
  1932 | D:2      | Reached XP level 5. HP: 45/45 MP: 5/5
  1965 | D:2      | Killed Terence
  2301 | D:3      | Found Koroag Ygg's Jewellery Shoppe.
  2492 | D:3      | Reached skill level 9 in Long Blades
  2492 | D:3      | Reached XP level 6. HP: 12/60 MP: 6/6
  2500 | D:3      | HP: 4/90 [gnoll/+0 halberd (7)]
  2503 | D:3      | Slain by a gnoll

Illustrated notes

Levels and vault maps discovered:
D:1:      beargit_arrival_greenhouse, layout_rooms,
          hellmonk_ecumenical_altar_slurped_away
D:2:      layout_basic, minmay_misc_feat_tower, minmay_door_square,
          uniq_natasha, uniq_terence
D:3:      layout_basic, trog_book, serial_shops,
          nicolae_shop_temple_entry_statues_fountains, gup_sewer_entry_bubbles,
          nicolae_grassy_gnolls

Skill      XL: |  1  2  3  4  5 |
---------------+----------------+-----
Throwing       | 2 |  2.0
Dodging        | 3 6 |  6.6
Fighting       | 3 7 |  7.4
Long Blades    | 4 9 |  9.7

Action                   |  1- 3 |  4- 6 || total
-------------------------+-------+-------++-------
Melee: Long sword        |    95 |    81 ||   176
       Tailslap          |     4 |     5 ||     9
       Punch             |     2 |       ||     2
  Use: Scroll            |       |     5 ||     5
       Potion            |       |     4 ||     4
 Stab: Sleeping          |     1 |       ||     1
Armor: Skin              |    45 |    71 ||   116
Dodge: Dodged            |    75 |    92 ||   167

Table legend: (Time is in decaauts)
 A = Elapsed time spent in this place.
 B = Non-inter-level travel time spent in this place.
 C = Inter-level travel time spent in this place.
 D = Time resting spent in this place.
 E = Time spent auto-exploring this place.
 F = Levels seen in this place.
 G = Mean time per level.
                   A        B        C        D        E       F      G
               +--------+--------+--------+--------+--------+-----+--------+
         Total |   2546 |   2514 |     32 |    754 |   1269 |   3 |  848.7 |
       Dungeon |   2546 |   2514 |     32 |    754 |   1269 |   3 |  848.7 |
               +--------+--------+--------+--------+--------+-----+--------+

Top non-repeatable levels by time:
     D:2: 1267 daAuts
     D:1: 1068 daAuts
     D:3: 210 daAuts
